 Dungeon Crawl Stone Soup version 0.14-a0-2443-g5aee772 (webtiles) character file.

918 Herrn the Skirmisher (level 7, -5/61 HPs)
             Began as a Djinni Fighter on Feb 5, 2014.
             Killed from afar by an oklob sapling (14 damage)
             ... with a splash of acid
             ... on Level 4 of the Dungeon.
             The game lasted 00:18:09 (3032 turns).

Herrn the Skirmisher (Djinni Fighter)               Turns: 3032, Time: 00:18:09

HP  -5/61        AC 11     Str 17      XL: 7   Next: 59%
MP   0/0         EV  1     Int  8      God:
Gold 119         SH 17     Dex 14      Spells:  0 memorised,  6 levels left

rFire  + + +     SeeInvis .     p - +0,+2 elf whip (venom)
rCold  x . .     Clarity  +     k - -1 plate armour (curse)
rNeg   + + +     Conserve .     c - -1 shield
rPois  .         rCorr    .     r - +1 hat
rElec  .         rRot     .     (no cloak)
SustAb . .       Spirit   .     (no gloves)
rMut   .         Warding  .     (boots unavailable)
Saprov . . .     Stasis   .     o - amulet of clarity
MR     .....                    (no ring)
                                (no ring)

@: flying, not resistant to hostile enchantments, extremely unstealthy
A: fire immunity, cold vulnerability, life protection 3
a: no special abilities


You were on level 4 of the Dungeon.
You were not hungry.

You visited 1 branch of the dungeon, and saw 4 of its levels.

You collected 119 gold pieces.

Inventory:

Hand weapons
 l - a +2,+3 orcish whip
 p - a +0,+2 elven whip of venom (weapon)
Armour
 c - a -1 shield (worn)
 k - a cursed -1 plate armour (worn)
 r - a +1 hat (worn)
Magical devices
 b - a wand of flame (12)
 h - a wand of digging (6)
Scrolls
 a - a scroll of teleportation
 e - a scroll of fog
 n - a scroll of amnesia {unknown}
Jewellery
 o - an amulet of clarity (around neck)
Potions
 d - 8 potions of curing
 f - a potion of magic
 j - 3 potions of brilliance
 q - a potion of restore abilities {unknown}


   Skills:
 * Level 6.5 Fighting
 + Level 5.6 Maces & Flails
 - Level 3.2 Armour
 - Level 3.0 Shields
 * Level 1.2 Evocations


You had 6 spell levels left.
You didn't know any spells.

Dungeon Overview and Level Annotations

Branches:
Dungeon (4/16)             Temple (0/1) D:4

Altars:
Elyvilon

Annotations:
D:4 exclusion: oklob sapling


Innate Abilities, Weirdness & Mutations

You are immune to all types of fire, even holy and hellish.
You are vulnerable to cold.
You need no food.
You have no legs.
You are immune to negative energy.


Message History

Press: ? - help, Shift-Dir - straight line, f - oklob sapling
Aim: an oklob sapling The puff of flame hits the plant.
The plant is moderately damaged.
The oklob sapling spits acid at you. The splash of acid hits you!
The acid corrodes your +2 hat!
The acid burns!
You hit the plant but do no damage.
The plant is lightly damaged.
You hit the plant but do no damage.
The plant is moderately damaged.
The oklob sapling spits acid at you. The splash of acid hits you!
The acid burns!
You hit the plant but do no damage.
The plant is moderately damaged.
You hit the plant but do no damage.
The plant is moderately damaged.
The oklob sapling spits acid at you. The splash of acid hits you!
The acid burns!
* * * LOW HITPOINT WARNING * * *
You die...

######.## ##. .# #..# ##
#######+.###########'#### #.
#.?....P.P..P...........# #.
#.......PPPP.....<......####.
#.......P..PP...........'%##.
#......PPP>.P...........#))..
#......P.PPPPP..........####.
#.......PPP.@...........# #.
#........PP.P...........# #.
#........########'####### #.
##'####### #.# #. #.# ..# #.
#.# #.## ## #.# ####.#### ###
#.## #.......# ###.. #..#
#.>.....# #.%..


You could see an oklob sapling.

Vanquished Creatures
  The ghost of Herrn the Skirmisher, an average DjFi (D:4)
  An ogre (D:4)
  A giant frog (D:3)
  3 hounds (D:4)
  A scorpion (D:4)
  An orc wizard (D:4)
  5 worker ants (D:4)
  Ijyb (D:3)
  4 gnolls (D:4)
  6 adders
  A worm (D:4)
  2 giant eyeballs (D:4)
  An ooze (D:2)
  6 orcs
  3 bats
  3 giant cockroaches
  8 goblins
  9 hobgoblins
  2 jackals (D:1)
  14 kobolds
  3 ball pythons
  6 giant newts
  2 quokkas
  5 rats
  A plant (D:4)
90 creatures vanquished.

Notes
Turn   | Place    | Note
--------------------------------------------------------------
     0 | D:1      | Herrn, the Djinni Fighter, began the quest for the Orb.
     0 | D:1      | Reached XP level 1. HP: 16/16 MP: 0/0
   167 | D:1      | Reached XP level 2. EP: 23/23
   658 | D:2      | Reached XP level 3. EP: 27/30
   871 | D:2      | Reached skill level 4 in Fighting
   886 | D:2      | Found a white marble altar of Elyvilon.
   933 | D:2      | Reached XP level 4. EP: 32/37
  1079 | D:3      | Noticed a giant frog
  1088 | D:3      | Killed a giant frog
  1088 | D:3      | Reached XP level 5. EP: 30/43
  1354 | D:3      | Noticed Ijyb
  1380 | D:3      | Killed Ijyb
  1763 | D:4      | Found a staircase to the Ecumenical Temple.
  1768 | D:4      | Reached skill level 5 in Fighting
  1783 | D:4      | Paralysed by a giant eyeball for 4 turns
  1889 | D:4      | Reached XP level 6. EP: 42/51
  2275 | D:4      | Noticed an ogre
  2287 | D:4      | Killed an ogre
  2305 | D:4      | Reached skill level 6 in Fighting
  2363 | D:4      | Reached XP level 7. EP: 56/59
  2434 | D:4      | Paralysed by a giant eyeball for 2 turns
  2438 | D:4      | Paralysed by a giant eyeball for 2 turns
  2451 | D:4      | Noticed Herrn's ghost (average DjFi)
  2515 | D:4      | Killed Herrn's ghost
  2515 | D:4      | Reached skill level 5 in Maces & Flails
  2515 | D:4      | Reached skill level 1 in Evocations
  3032 | D:4      | Killed from afar by an oklob sapling

Action                   |  1- 3 |  4- 6 |  7- 9 || total
-------------------------+-------+-------+-------++-------
Melee: Mace              |    51 |       |       ||    51
       Whip              |    73 |   168 |   175 ||   416
Evoke: Wand              |       |     4 |     1 ||     5
  Use: Scroll            |       |    11 |     1 ||    12
       Potion            |       |       |     3 ||     3
